AoeStats
← InTrUsIoN

Black Forest

509791629Analyzed
4v4 RM · 4d ago on Sep 28, 2026· 92m 17s· 8 players
Game mode
Random Map
Map size
Large (8 player)
Population
200
Speed
Normal
Resources
Standard
Victory
Conquest
Starting age
Dark Age
Ending age
Imperial Age
RankedLock teamsTeams togetherTeam positionsShared explorationLock speedFull tech treeHidden civsTurbo modeCheats
Victory
Defeat
🇹🇷 Turks · Türkiye
720
+10
🇲🇽 Franks · Mexico
631
+13
🇨🇴 Bohemians · Colombia
622
+13
🇺🇸 Lithuanians · United States
513
+18
🇺🇸 Bohemians · United States
585
-14
🇺🇸 Burgundians · United States
576
-14
🇺🇸 Franks · United States
572
-14
🇺🇸 Spanish · United States
534
-12
GodAres1994
0:28 Loom
13:37 Feudal Age
19:37 Castle Age
17:28 Double-Bit Axe
18:43 Gold Mining
21:25 Bow Saw
24:54 Town Watch
29:05 Husbandry
30:43 Caravan
31:59 Scale Barding Armor
32:04 Forging
32:49 Wheelbarrow
32:16 Town Patrol
32:25 Scale Mail Armor
34:14 Fletching
35:21 Pikeman
36:03 Squires
35:49 Arson
36:29 Chain Barding Armor
36:45 Iron Casting
36:52 Hand Cart
37:26 Gold Shaft Mining
40:16 Chain Mail Armor
40:06 Padded Archer Armor
40:02 Bodkin Arrow
40:07 Murder Holes
39:54 Treadmill Crane
40:27 Masonry
42:54 Imperial Age
44:59 Plate Barding Armor
43:49 Cavalier
45:18 Paladin
48:04 Halberdier
53:36 Blast Furnace
53:08 Plate Mail Armor
55:16 Conscription
Caligula
0:34 Loom
12:55 Feudal Age
13:29 Double-Bit Axe
14:22 Wheelbarrow
13:33 Town Watch
13:41 Horse Collar
22:18 Castle Age
23:03 Heavy Plow
23:17 Bow Saw
24:07 Hand Cart
23:54 Town Patrol
24:29 Husbandry
25:20 Pikeman
35:33 Imperial Age
34:05 Caravan
34:43 Squires
35:39 Capped Ram
37:41 Two-Man Saw
36:43 Halberdier
38:48 Murder Holes
41:04 Chemistry
42:28 Masonry
42:10 Guard Tower
42:15 Cavalier
46:17 Architecture
48:54 Fortified Wall
56:49 Bombard Tower
57:04 Coinage
56:45 Guilds
59:07 Keep
58:08 Houfnice
59:26 Elite Hussite Wagon
60:27 Conscription
59:37 Sappers
60:13 Wagenburg Tactics
60:14 Hussite Reforms
60:28 Heavy Scorpion
60:29 Capped Ram
61:31 Light Cavalry
71:54 Scale Barding Armor
72:00 Forging
71:41 Fletching
71:52 Scale Mail Armor
71:52 Padded Archer Armor
71:46 Onager
72:31 Man-at-Arms
72:57 Arson
86:55 Chain Barding Armor
86:51 Chain Mail Armor
87:11 Iron Casting
86:32 Bodkin Arrow
86:53 Leather Archer Armor
86:31 Long Swordsman
87:39 Redemption
87:29 Atonement
87:42 Fervor
87:48 Block Printing
87:59 Illumination
87:34 Devotion
87:55 Sanctity
87:56 Heresy
88:11 Theocracy
87:32 Herbal Medicine
InTrUsIoN
0:26 Loom
13:39 Feudal Age
19:41 Castle Age
18:25 Fletching
18:41 Man-at-Arms
19:14 Arson
19:23 Double-Bit Axe
20:35 Crossbowman
21:39 Horse Collar
25:48 Thumb Ring
29:52 Wheelbarrow
34:51 Caravan
41:12 Imperial Age
39:28 Bow Saw
39:27 Heavy Plow
39:55 Forging
39:52 Scale Barding Armor
41:13 Hand Cart
42:11 Iron Casting
41:59 Chain Barding Armor
41:36 Light Cavalry
42:17 Husbandry
43:09 Winged Hussar
44:01 Bloodlines
46:57 Conscription
47:59 Plate Barding Armor
54:23 Cavalier
61:32 Bodkin Arrow
61:38 Padded Archer Armor
63:13 Chemistry
62:34 Ballistics
71:45 Paladin
75:47 Crop Rotation
78:33 Two-Man Saw
89:28 Town Watch
Dmitry Petrovich
19:01 Loom
20:46 Feudal Age
24:30 Double-Bit Axe
24:28 Horse Collar
24:41 Stone Mining
24:43 Gold Mining
27:11 Wheelbarrow
26:22 Town Watch
29:03 Castle Age
27:25 Fletching
27:35 Padded Archer Armor
27:46 Forging
27:37 Scale Mail Armor
27:43 Scale Barding Armor
31:58 Bodkin Arrow
32:19 Leather Archer Armor
32:06 Caravan
32:37 Coinage
35:33 Imperial Age
33:14 Murder Holes
33:30 Fortified Wall
33:02 Treadmill Crane
34:50 Hand Cart
36:09 Hand Cart
35:55 Town Patrol
36:39 Ballistics
36:31 Masonry
36:28 Bracer
36:58 Ring Archer Armor
38:39 Banking
38:20 Guilds
40:54 Elite Janissary
42:12 Hoardings
41:09 Sappers
42:00 Conscription
44:28 Sipahi
44:09 Artillery
69:02 Architecture
68:18 Arrowslits
74:55 Theocracy
87:31 Heresy
87:31 Sanctity
87:12 Devotion
87:22 Redemption
87:13 Atonement
87:23 Fervor
PREZ WAY
12:00 Feudal Age
13:15 Double-Bit Axe
16:54 Scale Barding Armor
16:51 Scale Mail Armor
18:31 Gold Mining
23:19 Castle Age
24:54 Wheelbarrow
24:36 Bow Saw
32:19 Imperial Age
30:48 Caravan
31:47 Chain Barding Armor
31:43 Chain Mail Armor
33:17 Husbandry
33:41 Ballistics
34:50 Chemistry
34:31 Plate Barding Armor
35:20 Plate Mail Armor
37:48 Onager
38:18 Cavalier
41:32 Forging
41:17 Fletching
43:56 Stone Mining
44:41 Gold Shaft Mining
43:43 Paladin
49:46 Chivalry
51:55 Iron Casting
51:16 Bodkin Arrow
51:22 Padded Archer Armor
61:38 Leather Archer Armor
62:24 Blast Furnace
ThaWooDoctor
7:41 Loom
8:02 Double-Bit Axe
9:35 Horse Collar
13:21 Feudal Age
14:01 Heavy Plow
14:12 Bow Saw
13:57 Gold Mining
19:22 Gold Shaft Mining
21:26 Castle Age
20:15 Stone Mining
21:32 Scale Barding Armor
21:30 Scale Mail Armor
21:41 Forging
22:42 Crop Rotation
23:50 Two-Man Saw
22:59 Cavalier
24:40 Husbandry
26:38 Wheelbarrow
27:43 Chain Barding Armor
27:53 Hand Cart
28:27 Stone Shaft Mining
30:15 Treadmill Crane
31:09 Caravan
31:55 Iron Casting
31:21 Scale Mail Armor
30:43 Pikeman
31:24 Squires
35:54 Imperial Age
34:22 Chain Mail Armor
34:08 Padded Archer Armor
34:57 Burgundian Vineyards
37:40 Chemistry
36:22 Paladin
38:26 Plate Barding Armor
38:22 Plate Mail Armor
39:46 Conscription
41:30 Leather Archer Armor
42:15 Blast Furnace
41:59 Halberdier
42:25 Arson
44:51 Fletching
44:24 Elite Skirmisher
45:59 Guilds
45:38 Onager
45:57 Light Cavalry
56:09 Hussar
62:27 Ballistics
71:01 Fortified Wall
70:47 Murder Holes
72:41 Bombard Tower
Big Hoovey
9:54 Feudal Age
11:12 Horse Collar
12:13 Loom
12:20 Double-Bit Axe
15:43 Wheelbarrow
18:53 Castle Age
19:54 Heavy Plow
20:08 Bow Saw
25:10 Chemistry
24:27 Caravan
26:20 Hand Cart
27:46 Pikeman
28:27 Squires
28:15 Arson
30:22 Town Watch
30:50 Scale Barding Armor
30:45 Scale Mail Armor
31:55 Town Patrol
36:15 Imperial Age
35:04 Ballistics
36:23 Houfnice
37:52 Wagenburg Tactics
38:10 Conscription
39:17 Chain Barding Armor
39:08 Siege Engineers
39:20 Forging
39:27 Chain Mail Armor
39:14 Padded Archer Armor
39:05 Fletching
43:11 Two-Man Saw
43:09 Plate Mail Armor
42:55 Leather Archer Armor
43:16 Iron Casting
49:12 Hussite Reforms
48:41 Sappers
48:32 Elite Hussite Wagon
48:36 Halberdier
49:49 Ring Archer Armor
50:19 Blast Furnace
49:16 Bodkin Arrow
76:20 Elite Skirmisher
81:11 Bracer
83:56 Murder Holes
trevonathon
15:34 Feudal Age
16:51 Wheelbarrow
16:04 Double-Bit Axe
16:12 Horse Collar
23:59 Castle Age
22:29 Man-at-Arms
26:22 Hand Cart
28:30 Long Swordsman
30:14 Gambesons
30:36 Husbandry
30:51 Bloodlines
34:57 Squires
35:29 Devotion
36:35 Scale Barding Armor
36:41 Forging
41:47 Imperial Age
43:23 Caravan
47:11 Two-Handed Swordsman
Connection lost

Rejoining the realm…

Still unreachable

The connection could not be restored.

Session expired

The server has moved on; the page needs a fresh start.